 Dungeon Crawl Stone Soup version 0.29.1-13-g9f3cf754e1 (webtiles) character file.

Game seed: 10574724290157239856

71249 MacCMillion the Nimble (level 15, -13/168 HPs)
             Began as an Octopode Summoner on Feb 11, 2023.
             Was an Initiate of Gozag.
             Killed from afar by an ironbound frostheart (17 damage)
             ... by creeping frost
             ... in an ice cave.
             The game lasted 01:21:42 (29550 turns).

MacCMillion the Nimble (Octopode Summoner)         Turns: 29550, Time: 01:21:42

Health: -13/168    AC:  3    Str:  8    XL:     15   Next: 36%
Magic:  19/29      EV: 27    Int: 24    God:    Gozag
Gold:   1328       SH:  0    Dex: 19    Spells: 13/34 levels left

rFire   + . .      SeeInvis +   D - +3 scythe (venom)
rCold   + + .      Faith    .   (shield currently unavailable)
rNeg    + . .      Spirit   .   P - +2 hat "Seuty" {rElec rC+ SInv}
rPois   +          Reflect  .   h - amulet of the acrobat
rElec   +          Harm     .   b - ring of poison resistance
rCorr   .          Rampage  .   o - +4 ring of evasion
Will    ++...                   z - ring of see invisible
Stlth   ..........              Q - ring of the Castellan {rF+ rN+ Dex+6}
HPRegen 0.38/turn               W - ring of wizardry
MPRegen 0.21/turn               (no ring)
                                K - ring of willpower
                                Y - ring of protection from cold

@: berserking, frozen, very quick
A: almost no armour, amphibious, 8 rings, camouflage 1, gelatinous body 1,
(nimble swimmer 1), tentacles
a: Renounce Religion, Potion Petition, Call Merchant, Bribe Branch


You were in an ice cave.
You worshipped Gozag.
Gozag was most pleased with you.
You visited 3 branches of the dungeon, and saw 18 of its levels.
You also visited: Ice Cave.

You collected 5889 gold pieces.
You spent 1004 gold pieces at shops.
You paid 3557 gold pieces to Gozag.

Inventory:

Hand Weapons
 d - a +0 dagger
 D - a +3 scythe of venom (weapon)
 F - the +4 sling "Vuxi" {speed, rC++ Will+ Int+2}
   (You found it on level 6 of the Dungeon)

   Attacks with this weapon are significantly faster.
   Int:       It affects your intelligence (+2).
   rC:        It greatly protects you from cold.
   Will:      It increases your willpower.
Missiles
 u - 9 curare-tipped darts
Armour
 P - the +2 hat "Seuty" (worn) {rElec rC+ SInv}
   (You found it on level 1 of the Lair of Beasts)

   rC:        It protects you from cold.
   rElec:     It insulates you from electricity.
   SInv:      It lets you see invisible.
Jewellery
 b - a ring of poison resistance (left tentacle)
 h - an amulet of the acrobat (around mantle)
 m - a ring of flight
 o - a +4 ring of evasion (right tentacle)
 z - a ring of see invisible (on tentacle)
 K - a ring of willpower (on tentacle)
 Q - the ring of the Castellan (on tentacle) {rF+ rN+ Dex+6}
   (You bought it in a shop on level 2 of the Dungeon)

   [ring of dexterity]

   Dex:       It affects your dexterity (+6).
   rF:        It protects you from fire.
   rN:        It protects you from negative energy.
 R - a ring of fire
 W - a ring of wizardry (on tentacle)
 Y - a ring of protection from cold (on tentacle)
 Z - a ring of ice
Wands
 k - a wand of flame (36)
 r - a wand of charming (11)
 C - a wand of roots (20)
 L - a wand of polymorph (13)
Scrolls
 i - 3 scrolls of amnesia
 n - a scroll of magic mapping
 q - a scroll of butterflies
 s - a scroll of fear
 v - a scroll of torment
 w - 2 scrolls of blinking
 x - 7 scrolls of teleportation
 y - 6 scrolls of noise
 A - 3 scrolls of enchant armour
 G - 2 scrolls of brand weapon
 M - 4 scrolls of poison
 S - 2 scrolls of summoning
 V - a scroll of immolation
Potions
 a - 2 potions of magic
 c - 4 potions of cancellation
 e - 2 potions of invisibility
 f - 3 potions of haste
 g - 4 potions of degeneration
 j - 4 potions of resistance
 l - a potion of berserk rage
 p - 5 potions of curing
 t - 6 potions of flight
 E - 3 potions of lignification
 I - 5 potions of might
 J - a potion of attraction {unknown}
 O - a potion of ambrosia {unknown}
 U - a potion of brilliance {unknown}
Miscellaneous
 N - a tin of tremorstones (2/2)
 T - a lightning rod (4/4)


   Skills:
 - Level 13.9 Fighting
 - Level 14.1 Dodging
 - Level 2.9 Stealth
 - Level 10.0 Spellcasting
 - Level 3.0 Hexes
 + Level 13.3 Summonings
 - Level 8.4 Air Magic


You had 13 spell levels left.
You knew the following spells:

 Your Spells              Type           Power      Damage    Failure   Level
a - Summon Small Mammal   Summ           100%       N/A       0%          1
b - Call Canine Familiar  Summ           66%        N/A       1%          3
c - Summon Guardian Gole  Hex/Summ       50%        N/A       1%          3
d - Summon Lightning Spi  Summ/Air       59%        N/A       1%          4
e - Blink                 Tloc           24%        N/A       3%          2
f - Summon Horrible Thin  Summ           33%        N/A       47%         8

Your spell library contained the following spells:

 Spells                   Type           Power      Damage    Failure   Level
 Call Imp                 Summ           66%        N/A       1%          2
 Poisonous Vapours        Pois/Air       64%        N/A       1%          2
 Confusing Touch          Hex            26%        N/A       1%          3
 Mephitic Cloud           Conj/Pois/Air  25%        N/A       1%          3
 Summon Ice Beast         Ice/Summ       44%        N/A       1%          4
 Summon Mana Viper        Hex/Summ       50%        N/A       1%          5
 Apportation              Tloc           24%        N/A       2%          1
 Freeze                   Ice            48%        1d7       2%          1
 Magic Dart               Conj           48%        1d5       2%          1
 Necrotise                Necr           48%        1d6       2%          1
 Inner Flame              Hex/Fire       19%        N/A       3%          3
 Frozen Ramparts          Ice            24%        1d4       6%          3
 Lesser Beckoning         Tloc           12%        N/A       6%          3
 Cause Fear               Hex            13%        N/A       6%          4
 Monstrous Menagerie      Summ           33%        N/A       8%          7
 Freezing Cloud           Conj/Ice/Air   12%        6-21      19%         5
 Hailstorm                Conj/Ice       12%        3d5       21%         4
 Yara's Violent Unravell  Hex/Tmut       9%         3d6       30%         5
 Blade Hands              Tmut           6%         N/A       47%         5
 Fireball                 Conj/Fire      6%         3d5       47%         5
 Iskenderun's Battlesphe  Conj           12%        2d7       47%         5
 Manifold Assault         Tloc           12%        N/A       47%         5
 Conjure Ball Lightning   Conj/Air       16%        3x3d6     47%         6
 Malign Gateway           Summ/Tloc      22%        N/A       71%         7
 Iron Shot                Conj/Erth      6%         9d2       95%         6
 Enfeeble                 Hex            13%        N/A       99%         7
 Orb of Destruction       Conj           6%         9d6       100%        7
 Discord                  Hex            13%        N/A       100%        8
 Animate Armour           Summ/Erth      Unusable   N/A       N/A         4
 Simulacrum               Ice/Necr       Unusable   N/A       N/A         6

Dungeon Overview and Level Annotations

Branches:
Dungeon (12/15)            Temple (1/1) D:5            Lair (5/5) D:9
 Shoals (0/4) Lair:2        Snake (0/4) Lair:3        Slime (0/5) Lair:5
    Orc (0/2) D:10          IceCv (1/1)

Altars:
Ashenzari
Cheibriados
Dithmenos
Elyvilon
Fedhas
Gozag
Hepliaklqana
Kikubaaqudgha
Makhleb
Nemelex Xobeh
Okawaru
Qazlal
Ru
Sif Muna
Trog
Uskayaw
Vehumet
Wu Jian
Xom
Yredelemnul
Zin
The Shining One
Jiyva

Shops:
D:2 =   D:6 (   D:10 (   D:11 :   Lair:1 !(   Lair:5 =

Annotations:
D:3 3 runed translucent doors, Henri's ghost, amateur SpAM; Pascal76's ghost, amateur MfGl
D:5 2 transporters, Tungsten's ghost, amateur OpBr
D:6 2 transporters, Atlar's ghost, novice FoAK
D:8 exclusion: steam dragon, Maurice
D:10 1 runed translucent door


Innate Abilities, Weirdness & Mutations

You cannot wear most types of armour.
You are amphibious.
You can wear up to eight rings at the same time.
Your skin changes colour to match your surroundings (Stealth+).
Your rubbery body absorbs attacks. (AC +1, EV +1)
((You are camouflaged when in or above water. (Stealth+)))
You have tentacles for arms and can constrict up to eight enemies at once.


Message History

You constrict the ironbound frostheart.
The ironbound frostheart calls freezing cold from the walls.
The frost grips you! You partially resist.
* * * LOW HITPOINT WARNING * * *
The frost grips your lightning spire.
Your lightning spire partially resists.
Unknown command.
You feel much better. The ice encasing you melts away.
You constrict the ironbound frostheart.
The ironbound frostheart completely misses you.
You release your grip on the ironbound frostheart.
You puncture the ironbound frostheart!
The ironbound frostheart looks as sick as possible!
You grab the ironbound frostheart.
The ironbound frostheart is heavily wounded.
You constrict the ironbound frostheart.
The ironbound frostheart barely misses you.
The ironbound frostheart touches you! The ironbound frostheart freezes you.
You resist.
* * * LOW HITPOINT WARNING * * *
Unknown command.
You hit the ironbound frostheart.
The ironbound frostheart looks as sick as possible!
The ironbound frostheart is severely wounded.
You constrict the ironbound frostheart.
The ironbound frostheart calls freezing cold from the walls.
The frost grips you!! You partially resist.
* * * LOW HITPOINT WARNING * * *
You are encased in ice.
The frost grips your lightning spire!!
Your lightning spire partially resists.
Unknown command.
A red film seems to cover your vision as you go berserk!
You feel yourself moving faster!
You feel mighty!
You constrict the ironbound frostheart, but do no damage.
The ironbound frostheart calls freezing cold from the walls.
The frost grips you! You partially resist.
You die...
Your body crumbles into a pile of gold.

$$#..# $##.##
#..# ## ##.#
### #.##.##
##.## ##.#.#
#...## #...##
#.#..## #.#.#
##p#...#
##.###
#@###..## #.##
#8###...##
#.##
#.9###...#
#..# #..#
##..## ##.#
##.# #...#
##.# ##..#
#...# #.##
#..## ##..##
#.## #..#
#####..# #..##
##.####.####.#


You could see an ironbound frostheart (extremely poisoned, ally target), a
friendly guardian golem (summoned) and a friendly lightning spire (summoned,
sheltered).

Vanquished Creatures
  An ogre mage (D:10)
  A death yak (Lair:5)
  A centaur zombie (D:11)
  An ice statue (IceCv)
  A gargoyle (D:11)
  2 rime drakes
  2 komodo dragons
  A kobold demonologist (D:10)
  4 polar bears (IceCv)
  A meliai zombie (D:11)
  A blink frog (Lair:5)
  A vampire (D:11)
  13 yaks
  A basilisk (D:10)
  A wraith (D:11)
  A redback (Lair:1)
  2 water moccasins
  4 centaurs
  13 wolves
  3 kobold brigands (D:10)
  2 bullfrogs
  A killer bee (D:7)
  A howler monkey (D:7)
  3 orc priests
  2 hounds (D:6)
  An iguana (D:6)
  3 gnolls
  An adder (D:6)
  A white imp (D:8)
  A dart slug (D:3)
  3 orcs
  A ball python (D:1)
  3 bats (D:1)
  A hobgoblin (D:4)
  A kobold (D:2)
80 creatures vanquished.

Vanquished Creatures (collateral kills)
  4 catoblepae
  4 hydras
  3 boulder beetles
  An ironbound frostheart (IceCv)
  5 death yaks
  A lindwurm (Lair:1)
  3 ugly things
  2 manticores
  2 cyclopes
  2 elephants (Lair:2)
  4 black mambas (Lair:3)
  A centaur zombie (D:11)
  4 komodo dragons
  Psyche (D:8)
  4 rime drakes
  9 cane toads
  A troll (D:11)
  7 polar bears
  8 blink frogs
  A tarantella (Lair:1)
  Sigmund (D:2)
  A spriggan (Lair:4)
  4 shadows
  A vampire (D:11)
  2 wyverns
  2 wraiths (D:11)
  38 yaks
  An unseen horror simulacrum (D:10)
  A golden eye (shapeshifter) (D:9)
  Grum (Lair:1)
  2 acid dragons
  11 water moccasins
  An ice beast (D:8)
  An orc warrior (D:10)
  2 sky beasts
  A black bear (Lair:4)
  An ogre (D:10)
  2 centaurs
  29 wolves
  3 gnoll sergeants
  2 necrophages
  13 bullfrogs
  A scorpion (D:5)
  6 wights (D:9)
  13 killer bees
  7 howler monkeys
  3 lava snakes (Lair:1)
  5 orc priests
  5 hounds
  2 jellies
  Jessica (D:2)
  2 iguanas
  5 orc wizards
  13 gnolls
  4 adders
  2 shadow imps (D:7)
  2 ufetubi
  20 orcs
  4 endoplasms
  3 giant cockroaches
  8 goblins
  10 hobgoblins
  A quokka (D:3)
  8 ball pythons
  2 bats
  3 frilled lizards (D:2)
  7 kobolds
  3 rats
327 creatures vanquished.

Vanquished Creatures (others)
  A boulder beetle (Lair:1)
  5 death yaks
  A wolf spider (Lair:1)
  A deep elf pyromancer (D:10)
  A cyclops (D:11)
  A manticore (Lair:5)
  An elephant (Lair:1)
  A centaur zombie (D:11)
  4 black mambas
  2 cane toads
  A komodo dragon (D:10)
  A rime drake (D:12)
  2 trolls (D:10)
  A slime creature (D:9)
  Grinder (D:3)
  A blink frog (Lair:5)
  2 wraiths
  2 vampires (D:11)
  A shadow (D:11)
  A basilisk (Lair:2)
  17 yaks
  2 steam dragons
  A redback (Lair:1)
  2 acid dragons
  An orc warrior (D:10)
  A black bear (D:5)
  2 ogres
  A wolf (IceCv)
  A kobold brigand (D:10)
  4 gnoll sergeants (D:10)
  A scorpion (D:6)
  2 wights (D:9)
  A killer bee (D:9)
  A gnoll bouda (D:6)
  Ijyb (D:3)
  5 gnolls
  3 orcs
  34 fungi
  73 plants
  11 withered plants
195 creatures vanquished.

Grand Total: 602 creatures vanquished

Notes
Turn   | Place    | Note
-------+----------+-------------------------------------------
     0 | D:1      | MacCMillion the Octopode Summoner began the quest for the
                  | Orb.
     0 | D:1      | Reached XP level 1. HP: 11/11 MP: 3/3
   232 | D:1      | Reached XP level 2. HP: 17/17 MP: 3/5
  1001 | D:2      | Noticed Sigmund
  1155 | D:2      | Reached XP level 3. HP: 21/21 MP: 4/6
  1197 | D:2      | Learned a level 3 spell: Call Canine Familiar
  1210 | D:2      | Found Kantobewyji's One-of-a-Kind Rings.
  1475 | D:2      | Noticed Jessica
  1542 | D:2      | Killed Jessica
  1543 | D:2      | Reached XP level 4. HP: 27/27 MP: 4/8
  2043 | D:3      | Learned a level 3 spell: Summon Guardian Golem
  2156 | D:3      | Noticed Ijyb
  2189 | D:3      | Noticed Grinder
  2227 | D:3      | Found a runed translucent gate.
  2228 | D:3      | Found a runed translucent gate.
  2230 | D:3      | Found a runed translucent gate.
  2231 | D:3      | Noticed Pascal76's ghost (amateur MfGl)
  2232 | D:3      | Noticed Henri's ghost (amateur SpAM)
  2357 | D:3      | Reached skill level 5 in Summonings
  2395 | D:3      | Found a faded altar of an unknown god.
  2840 | D:3      | Found a snail-covered altar of Cheibriados.
  3055 | D:4      | Found a sparkling altar of Nemelex Xobeh.
  3494 | D:4      | Reached XP level 5. HP: 31/31 MP: 9/9
  3728 | D:4      | Found an ancient bone altar of Kikubaaqudgha.
  3970 | D:5      | Entered Level 5 of the Dungeon
  3975 | D:5      | Found a shimmering altar of Xom.
  4069 | D:5      | Reached skill level 1 in Hexes
  4116 | D:5      | Found a staircase to the Ecumenical Temple.
  4129 | D:5      | Noticed a black bear
  4134 | Temple   | Entered the Ecumenical Temple
  4183 | Temple   | Became a worshipper of Gozag Ym Sagoz the Greedy
  4219 | D:5      | Killed a black bear
  4220 | D:5      | Reached XP level 6. HP: 15/36 MP: 6/11
  5077 | D:5      | Found a glowing silver altar of Zin.
  5178 | D:5      | Found a transporter.
  5186 | D:5      | Identified the +0 scale mail of Parts Unknown {rElec rPois
                  | Str+4}
  5208 | D:5      | Found a transporter.
  5214 | D:5      | Noticed Tungsten's ghost (amateur OpBr)
  5379 | D:5      | Reached XP level 7. HP: 41/41 MP: 9/13
  5576 | D:3      | Killed Ijyb
  5741 | D:3      | Killed Grinder
  5885 | D:2      | Killed Sigmund
  5984 | D:2      | Reached XP level 8. HP: 32/46 MP: 15/15
  6415 | D:6      | Reached skill level 5 in Spellcasting
  6442 | D:6      | Found a transporter.
  6442 | D:6      | Identified the +10 giant club of Sopur {freeze, rPois Int+3
                  | Dex-2}
  6442 | D:6      | Noticed a two-headed ogre
  6442 | D:6      | Noticed Atlar's ghost (novice FoAK)
  6532 | D:6      | Identified the +4 sling "Vuxi" {speed, rC++ Will+ Int+2}
  6626 | D:6      | Found Esog's Weapon Shop.
  6644 | D:6      | HP: 1/46 [steam dragon/ball of steam (21)]
  7115 | D:6      | Found a transporter.
  7484 | D:6      | Learned a level 4 spell: Summon Lightning Spire
  7718 | D:6      | Reached skill level 1 in Air Magic
  7718 | D:6      | Reached XP level 9. HP: 51/51 MP: 13/17
  9708 | D:8      | Noticed Maurice
 10091 | D:8      | Found a basalt altar of Yredelemnul.
 10376 | D:8      | Reached skill level 10 in Summonings
 10376 | D:8      | Reached skill level 5 in Air Magic
 10493 | D:8      | Noticed Psyche
 10501 | D:8      | Killed Psyche
 10502 | D:8      | Reached XP level 10. HP: 56/56 MP: 14/20
 10505 | D:8      | Reached skill level 5 in Fighting
 10505 | D:8      | Reached skill level 6 in Dodging
 10505 | D:8      | Reached XP level 11. HP: 72/72 MP: 15/24
 10506 | D:8      | Reached skill level 7 in Dodging
 10506 | D:8      | Reached XP level 12. HP: 81/81 MP: 15/25
 11208 | D:9      | Identified the +3 scale mail of the Fiend {rPois Dex+3}
 11437 | D:9      | Reached skill level 10 in Spellcasting
 11484 | D:9      | Reached skill level 8 in Dodging
 11998 | D:9      | Found a staircase to the Lair.
 12453 | D:9      | Found a runed translucent door.
 12585 | D:10     | Entered Level 10 of the Dungeon
 12945 | D:10     | Found a staircase to the Orcish Mines.
 13588 | D:10     | Reached skill level 9 in Dodging
 14117 | D:10     | Found a runed translucent door.
 14128 | D:10     | Found Yqatrest's Firing Range.
 14349 | D:10     | Noticed a catoblepas
 14354 | D:10     | Found a runed translucent door.
 14356 | D:10     | Killed a catoblepas
 14387 | D:10     | Noticed a boulder beetle
 14423 | D:10     | Reached skill level 10 in Dodging
 14629 | D:10     | Killed a boulder beetle
 14630 | D:10     | Reached skill level 10 in Fighting
 14737 | D:10     | Noticed an ogre mage
 14805 | Lair:1   | Entered Level 1 of the Lair of Beasts
 14847 | Lair:1   | Reached XP level 13. HP: 92/92 MP: 17/27
 14928 | Lair:1   | Bought a potion of curing for 54 gold pieces
 15243 | Lair:1   | Noticed Grum
 15252 | Lair:1   | Killed Grum
 15565 | Lair:1   | Reached skill level 11 in Dodging
 15789 | Lair:1   | Found a runed translucent door.
 16004 | Lair:1   | Identified the +2 hat "Seuty" {rElec rC+ SInv}
 16012 | Lair:1   | Found a runed translucent gate.
 16012 | Lair:1   | Found a runed translucent gate.
 16012 | Lair:1   | Found a runed translucent gate.
 16012 | Lair:1   | Found a runed translucent gate.
 16013 | Lair:1   | Found a runed translucent gate.
 16015 | Lair:1   | Found a runed translucent gate.
 16202 | D:2      | Bought the ring of the Castellan {rF+ rN+ Dex+6} for 542
                  | gold pieces
 18247 | Lair:2   | Found a staircase to the Shoals.
 19702 | Lair:3   | Reached skill level 12 in Dodging
 19969 | Lair:3   | Found a staircase to the Snake Pit.
 20664 | Lair:4   | Reached XP level 14. HP: 102/102 MP: 19/28
 21518 | Lair:4   | Identified the +6 war axe of Lobaf {vorpal, Will+ Dex+6
                  | Stlth+}
 22311 | Lair:5   | Entered Level 5 of the Lair of Beasts
 23055 | Lair:5   | Found a viscous altar of Jiyva.
 23056 | Lair:5   | Found a staircase to the Slime Pits.
 23751 | Lair:5   | Reached skill level 13 in Dodging
 24726 | Lair:5   | Got Houthrivaos's Codex of Glacial Pestilence
 24973 | D:10     | Found a blossoming altar of Fedhas.
 25202 | D:10     | Found a bloodstained altar of Trog.
 25202 | D:10     | Found a sacrificial altar of Ru.
 26315 | D:11     | Reached skill level 14 in Dodging
 26380 | D:11     | Reached XP level 15. HP: 112/112 MP: 22/29
 27109 | D:11     | Bought a Grand Grimoire for 408 gold pieces
 27112 | D:11     | Learned a level 2 spell: Blink
 27258 | D:10     | Found a blossoming altar of Fedhas.
 27433 | D:10     | Found a runed translucent door.
 27442 | D:10     | Found Yqatrest's Firing Range.
 27482 | D:10     | Found a staircase to the Orcish Mines.
 27629 | D:10     | Found a sacrificial altar of Ru.
 27629 | D:10     | Found a bloodstained altar of Trog.
 27821 | D:12     | Found a frozen archway.
 27841 | IceCv    | Entered an ice cave
 27851 | IceCv    | Learned a level 8 spell: Summon Horrible Things
 28826 | IceCv    | Identified 2 scrolls of acquirement
 28828 | IceCv    | Acquired 479 gold pieces
 28830 | IceCv    | Acquired a book of Beasts
 29353 | IceCv    | HP: 4/112 [ironbound frostheart/creeping frost (31)]
 29549 | IceCv    | HP: 2/112 [ironbound frostheart/creeping frost (29)]
 29550 | IceCv    | Killed from afar by an ironbound frostheart

Illustrated notes

Levels and vault maps discovered:
D:1:      amcnicky_arrival_double_pillar, layout_rooms
D:2:      layout_loops_ring, nicolae_shop_unique_rings, minivault_23,
          lexackson_kobold_supper, uniq_sigmund, uniq_jessica
D:3:      layout_loops_cross, mainiacjoe_overflow_brackets,
          chequers_ecumenical_altar_simple, gammafunk_ghost_cemetery,
          minmay_joined_circles, uniq_ijyb, uniq_grinder
D:4:      layout_basic, mainiacjoe_overflow_catwalk,
          mainiacjoe_overflow_concentric_impassable
D:5:      layout_loops_ring, mainiacjoe_overflow_six_doors_small,
          lemuel_round_altar, minmay_temple_entry_large_hall,
          gammafunk_ghost_gnarly_gnolls
D:6:      layout_basic, serial_shops, nicolae_stop_n_shop_2,
          gammafunk_ghost_smash
D:7:      layout_basic
D:8:      layout_loops_ring, mainiacjoe_overflow_tiny_flanked, uniq_psyche,
          uniq_maurice
D:9:      layout_irregular_city, lair_entry_dummy, wad_hexagon
D:10:     minmay_the_grid_triangle_9x9_rhombus_thin_mashed
          [minmay_the_grid_triangle_9x9_checkered,
          minmay_the_grid_triangle_9x9_prize_insulated,
          minmay_the_grid_triangle_9x9_tough_junction,
          minmay_the_grid_triangle_9x9_from_above], layout_loops_ring,
          fedhas_bush_and_centaur_altar, jmf_multi_god_temple,
          kennysheep_orc_monster_closet_entryway, nicolae_shop_firing_range
D:11:     layout_loops_ring, serial_undead, serial_undead_c, serial_undead_f,
          serial_undead_c, serial_undead_e, serial_undead_c, serial_undead_e,
          serial_undead_b
D:12:     layout_gridville, portal_ice_cave_rime, uniq_erolcha
Temple:   nicolae_temple_god_jail
Lair:1:   gammafunk_indiana_jones, layout_hall_layers,
          infiniplex_staircase_pool, uniq_grum
Lair:2:   layout_cave_pods, shoals_dummy_entry
Lair:3:   layout_regular_city, minmay_snake_entry_six_corridors
Lair:4:   layout_regular_city, forest_entry_grove, lemuel_fruit_fields
Lair:5:   evilmike_catoblepas_cave, layout_regular_city, slime_entry_1,
          lemuel_fruit_tree
IceCv:    ice_cave_caverns_01

Skill      XL: |  1  2  3  4  5  6  7  8  9 10 11 12 13 14 15 |
---------------+----------------------------------------------+-----
Spellcasting   | 3 4 5 7 9 10 | 10.0
Summonings     | 5 6 7 9 10 11 12 13 | 13.3
Hexes          | 1 2 3 |  3.0
Air Magic      | 1 6 8 |  8.4
Fighting       | 5 7 10 11 13 | 13.9
Dodging        | 6 7 10 12 14 | 14.1
Stealth        | |  2.9

Action                   |  1- 3 |  4- 6 |  7- 9 | 10-12 | 13-15 || total
-------------------------+-------+-------+-------+-------+-------++-------
Melee: Dagger            |    10 |    13 |       |       |       ||    23
       Constrict         |     4 |     7 |     4 |     4 |    19 ||    38
       Tentacles         |     2 |     1 |     6 |     5 |    42 ||    56
       Halberd           |       |       |    66 |    55 |   296 ||   417
       Punch             |       |       |       |       |     4 ||     4
 Cast: Summon Small Mamm |    34 |     8 |     1 |       |       ||    43
       Call Canine Famil |     2 |    29 |    36 |    36 |   104 ||   207
       Summon Guardian G |       |     4 |    22 |    35 |   110 ||   171
       Summon Lightning  |       |       |     3 |    14 |   116 ||   133
Invok: Call Merchant     |       |       |       |       |     4 ||     4
  Use: Scroll            |       |       |    17 |     3 |    12 ||    32
       Potion            |       |       |     2 |     2 |     4 ||     8
 Stab: Sleeping          |       |     1 |     1 |       |     1 ||     3
       Distracted        |       |       |     1 |     1 |    12 ||    14
Armor: Skin              |     3 |     1 |     2 |     1 |    18 ||    25
Dodge: Dodged            |    23 |    27 |    59 |    52 |   336 ||   497
